AoeStats
← Chaac1706

Arabia

507181968Analyzed
1v1 RM · 16d ago on Sep 17, 2026· 47m 58s· 2 players
Game mode
Random Map
Map size
Tiny (2 player)
Population
200
Speed
Normal
Resources
Standard
Victory
Conquest
Starting age
Dark Age
Ending age
Imperial Age
RankedLock teamsTeams togetherTeam positionsShared explorationLock speedFull tech treeHidden civsTurbo modeCheats
Victory
Defeat
🇨🇴 Muisca · Colombia
1188
+18
🇨🇳 Mongols · China
1222
-18
Chaac1706
5:05 Loom
8:30 Feudal Age
9:58 Double-Bit Axe
10:02 Champi Runner
13:05 Scale Mail Armor
15:41 Wheelbarrow
20:37 Castle Age
19:23 Fletching
19:55 Forging
19:48 Padded Archer Armor
19:38 Town Watch
20:22 Horse Collar
20:36 Gold Mining
20:43 Stone Mining
21:26 Bodkin Arrow
21:25 Crossbowman
22:51 Bow Saw
23:17 Heavy Plow
27:52 Leather Archer Armor
28:07 Hand Cart
31:14 Town Patrol
33:00 Thumb Ring
33:19 Ballistics
37:21 Imperial Age
37:49 Arbalester
40:30 Forging
40:23 Bracer
41:56 Elite Skirmisher
47:47 Herbalism
48:08 Conscription
49:23 Chemistry
48:29 Siege Engineers
nimite
6:05 Loom
8:58 Feudal Age
12:59 Horse Collar
14:34 Double-Bit Axe
21:07 Castle Age
19:57 Fletching
20:08 Gold Mining
20:53 Bloodlines
21:12 Padded Archer Armor
21:51 Light Cavalry
25:00 Thumb Ring
29:45 Wheelbarrow
31:59 Town Watch
32:30 Hand Cart
36:35 Stone Mining
37:21 Gold Shaft Mining
37:57 Fervor
38:20 Husbandry
39:19 Bow Saw
43:18 Imperial Age
43:33 Elite Steppe Lancer
44:57 Scale Barding Armor
45:26 Drill
47:02 Conscription
48:18 Forging
Connection lost

Rejoining the realm…

Still unreachable

The connection could not be restored.

Session expired

The server has moved on; the page needs a fresh start.